 Dungeon Crawl Stone Soup version 0.29.1-14-g9c671dbff4 (webtiles) character file.

Game seed: 3832548890537255656

96133 raph the Spear-Bearer (level 16, -2/110 (115) HPs)
             Began as a Merfolk Venom Mage on Feb 12, 2023.
             Was an Initiate of Gozag.
             Slain by an Executioner (18 damage)
             ... on level 2 of the Abyss.
             The game lasted 00:51:43 (20866 turns).

raph the Spear-Bearer (Merfolk Venom Mage)         Turns: 20866, Time: 00:51:44

HP:   -2/110 (115)  AC: 11    Str:  8    XL:     16   Next: 16%
MP:   38/38         EV: 21    Int: 18    God:    Gozag
Gold: 2766          SH:  0    Dex: 17    Spells: 2/34 levels left

rFire   + . .      SeeInvis .   a - staff of poison
rCold   . . .      Faith    .   (no shield)
rNeg    + . .      Spirit   .   O - +2 steam dragon scales
rPois   +          Reflect  .   q - +1 helmet
rElec   .          Harm     .   L - scarf {shadows}
rCorr   .          Rampage  .   k - +0 pair of gloves "Cateset" {+Inv rN+ Regen+ Int-2}
Will    +....                   P - +0 pair of boots {rF+}
Stlth   +.........              h - amulet of regeneration
HPRegen 1.88/turn               p - ring of magical power
MPRegen 0.26/turn               e - +4 ring of evasion

@: confused, about to teleport, ambrosia-drunk, lightly drained
A: (nimble swimmer 2), mertail
a: Renounce Religion, Evoke Invisibility, Potion Petition, Call Merchant, Bribe
Branch


You were on level 2 of the Abyss.
You worshipped Gozag.
Gozag was most pleased with you.
You visited 3 branches of the dungeon, and saw 17 of its levels.
You visited the Abyss 1 time.
You also visited: Bailey and Volcano.

You collected 3829 gold pieces.
You spent 242 gold pieces at shops.
You paid 821 gold pieces to Gozag.

Inventory:

Hand Weapons
 b - a +5 glaive
 d - a +0 dagger of venom
 y - a +1 halberd of freezing
 B - a +0 glaive
Missiles
 i - a throwing net
Armour
 k - the +0 pair of gloves "Cateset" (worn) {+Inv rN+ Regen+ Int-2}
   (You acquired it on level 5 of the Dungeon)

   Int:       It affects your intelligence (-2).
   rN:        It protects you from negative energy.
   +Inv:      It lets you turn invisible.
   Regen:     It increases your rate of health regeneration.
 q - a +1 helmet (worn)
 L - a scarf of shadows (worn)
 O - +2 steam dragon scales (worn)
 P - a +0 pair of boots of fire resistance (worn)
 Z - a +2 leather armour of fire resistance
Magical Staves
 a - a staff of poison (weapon)
Jewellery
 e - a +4 ring of evasion (right hand)
 f - a ring of protection from fire
 h - an amulet of regeneration (around neck)
 j - a ring of willpower
 p - a ring of magical power (left hand)
 s - a ring of resist corrosion
 t - a ring of positive energy
 v - a ring of protection from fire
 x - a +4 ring of slaying
 E - a +6 ring of intelligence
 J - a ring of protection from cold
 S - a ring of ice
 V - a +4 ring of slaying
 W - a +4 ring of evasion
Wands
 l - a wand of polymorph (11)
 u - a wand of flame (31)
 K - a wand of light (5)
 M - a wand of iceblast (14)
 T - a wand of mindburst (7)
Scrolls
 g - a scroll of summoning
 m - 5 scrolls of teleportation
 r - a scroll of amnesia
 A - 2 scrolls of magic mapping
 G - 4 scrolls of butterflies
 U - 2 scrolls of poison
Potions
 c - 6 potions of mutation
 n - a potion of brilliance
 o - 5 potions of flight
 w - 5 potions of attraction
 z - 9 potions of curing
 C - a potion of might
 F - 2 potions of invisibility {unknown}
 H - 2 potions of magic
 I - 2 potions of heal wounds
 N - 5 potions of lignification
 R - a potion of berserk rage {unknown}


   Skills:
 + Level 7.4 Fighting
 * Level 14.1 Polearms
 + Level 9.5 Dodging
 - Level 2.1 Stealth
 + Level 9.5 Spellcasting
 + Level 6.6 Conjurations
 + Level 13.3 Summonings
 + Level 7.4 Transmutations
 - Level 4.0 Air Magic
 + Level 12.4 Poison Magic


You had 2 spell levels left.
You knew the following spells:

 Your Spells              Type           Power      Damage    Failure   Level
a - Sting                 Tmut/Pois      100%       1d8       1%          1
b - Fulminant Prism       Conj/Hex       10%        3d9       22%         4
c - Mephitic Cloud        Conj/Pois/Air  53%        N/A       1%          3
d - Olgreb's Toxic Radia  Pois           68%        N/A       1%          4
e - Call Imp              Summ           54%        N/A       1%          2
f - Summon Lightning Spi  Summ/Air       39%        N/A       2%          4
g - Swiftness             Air            23%        N/A       4%          3
h - Ignite Poison         Fire/Tmut/Pois 48%        N/A       1%          3
i - Summon Guardian Gole  Hex/Summ       32%        N/A       1%          3
j - Summon Mana Viper     Hex/Summ       32%        N/A       16%         5

Your spell library contained the following spells:

 Spells                   Type           Power      Damage    Failure   Level
 Magic Dart               Conj           100%       1d8       1%          1
 Poisonous Vapours        Pois/Air       100%       N/A       1%          2
 Searing Ray              Conj           64%        2d6       1%          2
 Wereblood                Tmut           35%        N/A       1%          2
 Passwall                 Tmut/Erth      18%        N/A       2%          2
 Ensorcelled Hibernation  Hex/Ice        16%        N/A       13%         2
 Blade Hands              Tmut           17%        N/A       11%         5
 Portal Projectile        Hex/Tloc       16%        N/A       26%         3
 Tukima's Dance           Hex            8%         N/A       26%         3
 Freezing Cloud           Conj/Ice/Air   10%        6-21      47%         5
 Cause Fear               Hex            4%         N/A       63%         4
 Metabolic Englaciation   Hex/Ice        4%         N/A       93%         5
 Statue Form              Tmut/Erth      14%        N/A       95%         6
 Haunt                    Necr/Summ      16%        N/A       99%         7


Dungeon Overview and Level Annotations

Branches:
Dungeon (11/15)            Temple (1/1) D:5            Lair (5/5) D:11
 Shoals (0/4) Lair:2       Spider (0/4) Lair:2        Slime (0/5) Lair:4
    Orc (0/2) D:10         Bailey (visited)         Volcano (visited)

Altars:
Ashenzari
Cheibriados
Dithmenos
Elyvilon
Fedhas
Gozag
Hepliaklqana
Kikubaaqudgha
Makhleb
Nemelex Xobeh
Okawaru
Qazlal
Ru
Sif Muna
Trog
Uskayaw
Vehumet
Wu Jian
Xom
Yredelemnul
Zin
The Shining One
Jiyva

Shops:
D:8 *   D:11 *

Annotations:
D:5 exclusions: water moccasin and wraith
D:11 4 runed translucent doors, Swamplord's ghost, journeyman MfGl
Lair:2 exclusion: 2 oklob plants
Lair:5 Sonja


Innate Abilities, Weirdness & Mutations

((You are very nimble when in or above water. (Stealth+, EV+, Speed+++)))
Your lower body shifts to a powerful aquatic tail in water.


Message History

The Executioner hits you but does no damage.
The Executioner completely misses you. The raiju misses you.
The raiju bursts into living lightning!
The living lightning hits the Executioner.
The Executioner resists.
The living lightning misses you.
The raiju blinks! x3
The Executioner attacks as you move away!
The Executioner hits you but does no damage.
The Executioner barely misses you. The Executioner hits you.
The Executioner closely misses you.
The Executioner hits you but does no damage.
The Executioner closely misses you. x2; The Executioner barely misses you.
The Executioner hits you.
The Executioner hits you! x2; The Executioner misses you.
The Executioner hits you but does no damage.
The Executioner barely misses you. The Executioner hits you.
The Executioner attacks as you move away!
The Executioner hits you but does no damage. x2
The Executioner hits you. The Executioner hits you.
The Executioner closely misses you. The Executioner hits you.
The Executioner hits you!!
* * * LOW HITPOINT WARNING * * *
The Executioner hits you.
* * * LOW HITPOINT WARNING * * *
The Executioner hits you but does no damage.
You are confused.
You feel invigorated. The Executioner misses you. The Executioner hits you.
* * * LOW HITPOINT WARNING * * *
The Executioner hits you but does no damage.
The Executioner completely misses you.
The Executioner hits you but does no damage. x2
The Executioner hits you!
* * * LOW HITPOINT WARNING * * *
The Executioner hits you but does no damage.
The Executioner closely misses you.
The Executioner attacks as you move away!
The Executioner closely misses you. The Executioner hits you!
* * * LOW HITPOINT WARNING * * *
The Executioner completely misses you. The Executioner hits you!!
You die...
Your body crumbles into a pile of gold.

. .. .# #.. .#
#..# ##. #....
###..##.....
#...#....#. #
#.@##..#
#.§###1#...#.
.§....#.h....#
.#....##h#.....
...###..###..#.
######. #h.####
# ..#
###..h...### ##
....##..........
# . . ....
...........##


You could see an Executioner (fast) and a raiju (poisoned).

Vanquished Creatures
  A purple draconian (Abyss:2)
  Josephine (D:11)
  Fannar (D:10)
  2 boulder beetles
  3 hydras
  2 catoblepae
  8 two-headed ogres
  5 death yaks
  A hell knight (Volcano)
  A salamander mystic (Volcano)
  Pikel (D:9)
  A lindwurm (Lair:4)
  An ugly thing (D:11)
  A wolf spider (Lair:2)
  4 salamanders (Volcano)
  2 cyclopes (D:11)
  17 elephants
  5 black mambas
  8 cane toads
  2 unseen horrors
  A rime drake (Lair:3)
  Maggie (D:8)
  6 komodo dragons
  A kobold demonologist (D:9)
  A hornet (D:10)
  Grinder (D:6)
  3 trolls (D:10)
  6 blink frogs
  5 spriggans (Bailey)
  A shadow (D:10)
  28 yaks
  4 wraiths (D:11)
  3 wyverns
  5 basilisks
  A vampire mosquito (D:10)
  3 wargs (D:11)
  An acid dragon (D:10)
  7 water moccasins
  2 black bears (D:5)
  An ice beast (D:7)
  3 orc warriors
  2 sky beasts (D:6)
  Pargi (D:4)
  3 ogres
  13 wolves
  11 centaurs
  2 lemures (D:9)
  A phantom (D:7)
  4 kobold brigands
  6 bullfrogs
  2 gnoll sergeants
  2 scorpions
  7 wights
  20 killer bees
  5 howler monkeys
  An electric eel (Lair:1)
  3 jellies
  4 orc priests
  3 hounds
  Natasha (thrice) (D:4)
  4 iguanas
  12 orc wizards
  Robin (D:4)
  2 gnolls (D:8)
  4 adders
  A white imp (D:7)
  2 worms
  A dart slug (D:5)
  22 orcs
  5 ball pythons (D:1)
  3 endoplasms
  A giant cockroach (D:1)
  15 goblins
  14 hobgoblins
  3 jackals (D:1)
  15 kobolds
  3 quokkas (D:1)
  A bat (D:2)
  2 frilled lizards (D:1)
  5 rats
360 creatures vanquished.

Vanquished Creatures (collateral kills)
  A wolf spider (Lair:2)
  An elephant (Lair:4)
  2 redbacks (Lair:2)
  2 acid dragons
  2 water moccasins
  2 wights (D:8)
  A killer bee (D:8)
  A gnoll (D:8)
  A white imp (D:6)
13 creatures vanquished.

Vanquished Creatures (others)
  16 fungi
  38 plants
  4 withered plants (D:6)
58 creatures vanquished.

Grand Total: 431 creatures vanquished

Notes
Turn   | Place    | Note
-------+----------+-------------------------------------------
     0 | D:1      | raph the Merfolk Venom Mage began the quest for the Orb.
     0 | D:1      | Reached XP level 1. HP: 13/13 MP: 3/3
   433 | D:1      | Reached XP level 2. HP: 19/19 MP: 3/5
   643 | D:1      | Learned a level 2 spell: Poisonous Vapours
  1019 | D:1      | Found a faded altar of an unknown god.
  1056 | D:1      | Reached XP level 3. HP: 15/24 MP: 0/6
  1060 | D:1      | Learned a level 3 spell: Mephitic Cloud
  1577 | D:2      | Identified 2 scrolls of acquirement
  1577 | D:2      | Acquired Tefapna's Meditations on Mutated Illusion
  2558 | D:3      | Found an ornate altar of the Wu Jian Council.
  2568 | D:3      | Reached skill level 5 in Poison Magic
  2715 | D:3      | Reached XP level 4. HP: 29/30 MP: 4/7
  2832 | D:3      | You fall into a shaft and drop 2 floors!
  2832 | D:5      | Entered Level 5 of the Dungeon
  2832 | D:5      | Found a staircase to the Ecumenical Temple.
  2839 | Temple   | Entered the Ecumenical Temple
  3293 | Temple   | Became a worshipper of Gozag Ym Sagoz the Greedy
  3371 | D:5      | Acquired the +0 pair of gloves "Cateset" {+Inv rN+ Regen+
                  | Int-2}
  3386 | D:5      | Noticed a water moccasin
  3429 | D:4      | Noticed Robin
  3754 | D:4      | Reached XP level 5. HP: 35/35 MP: 9/9
  3993 | D:4      | Noticed Natasha
  4002 | D:4      | Killed Natasha
  4017 | D:4      | Noticed Natasha
  4024 | D:4      | Killed Natasha
  4099 | D:4      | Learned a level 4 spell: Olgreb's Toxic Radiance
  4256 | D:4      | Noticed Natasha
  4268 | D:4      | Killed Natasha
  4373 | D:4      | Reached XP level 6. HP: 41/41 MP: 10/10
  4375 | D:4      | Killed Robin
  4553 | D:4      | Found a snail-covered altar of Cheibriados.
  4684 | D:4      | Noticed Pargi
  4768 | D:4      | Killed Pargi
  5313 | D:5      | Noticed a black bear
  5321 | D:5      | Killed a black bear
  5322 | D:5      | Reached XP level 7. HP: 46/46 MP: 9/13
  5660 | D:5      | Learned a level 2 spell: Call Imp
  5685 | D:5      | Noticed a wraith
  5776 | D:5      | Found a shadowy altar of Dithmenos.
  6358 | D:6      | Reached XP level 8. HP: 32/52 MP: 11/15
  6442 | D:6      | Noticed a wraith
  6570 | D:6      | Reached skill level 5 in Spellcasting
  6629 | D:6      | Reached skill level 1 in Summonings
  6892 | D:6      | Noticed Grinder
  6899 | D:6      | Reached skill level 1 in Fighting
  6932 | D:6      | Paralysed by Grinder for 4 turns
  6946 | D:6      | Killed Grinder
  7088 | D:6      | Found a basalt altar of Yredelemnul.
  7125 | D:6      | Reached XP level 9. HP: 45/61 MP: 14/17
  7456 | D:7      | Reached skill level 10 in Poison Magic
  7629 | D:7      | Noticed a two-headed ogre
  7685 | D:7      | Killed a two-headed ogre
  7686 | D:7      | Reached skill level 5 in Dodging
  7844 | D:7      | Found a glowing silver altar of Zin.
  8044 | D:7      | Learned a level 4 spell: Summon Lightning Spire
  8233 | D:7      | Reached skill level 5 in Summonings
  8902 | D:8      | Noticed a boulder beetle
  8920 | D:8      | Found a flagged portal.
  8922 | D:8      | Killed a boulder beetle
  8923 | D:8      | Reached XP level 10. HP: 42/70 MP: 15/18
  9081 | Bailey   | Entered a bailey
  9336 | Bailey   | Reached skill level 1 in Air Magic
  9419 | Bailey   | Noticed a two-headed ogre
  9430 | Bailey   | Killed a two-headed ogre
  9794 | D:8      | Found Wuvatudgh's General Store.
  9797 | D:8      | Bought a potion of heal wounds for 70 gold pieces
  9804 | D:8      | Found an iron altar of Okawaru.
  9833 | D:8      | Found a burning altar of Makhleb.
  9930 | D:8      | Noticed Maggie
  9963 | D:8      | Killed Maggie
 10355 | D:9      | Noticed Pikel
 10378 | D:9      | Learned a level 3 spell: Swiftness
 10407 | D:9      | Reached skill level 10 in Summonings
 10407 | D:9      | Reached XP level 11. HP: 66/75 MP: 21/21
 10589 | D:9      | Reached skill level 1 in Polearms
 10644 | D:9      | Killed Pikel
 10729 | D:9      | Learned a level 3 spell: Ignite Poison
 10744 | D:9      | Found a hazy altar of Hepliaklqana.
 10776 | D:9      | Reached skill level 2 in Polearms
 11150 | D:9      | Noticed a two-headed ogre
 11164 | D:9      | Killed a two-headed ogre
 11311 | D:10     | Entered Level 10 of the Dungeon
 11426 | D:10     | Noticed Fannar
 11432 | D:10     | Noticed a two-headed ogre
 11434 | D:10     | Killed Fannar
 11435 | D:10     | Reached skill level 3 in Polearms
 11463 | D:10     | Killed a two-headed ogre
 11841 | D:10     | Found a shimmering blue altar of Sif Muna.
 11844 | D:10     | Found a hide-covered altar of Uskayaw.
 11891 | D:10     | Found a staircase to the Orcish Mines.
 12027 | D:10     | Reached skill level 11 in Polearms
 12027 | D:10     | Reached XP level 12. HP: 84/84 MP: 23/23
 12028 | D:10     | Reached XP level 13. HP: 90/90 MP: 25/25
 12272 | D:10     | Learned a level 4 spell: Fulminant Prism
 12295 | D:10     | Acquired Fovvas's Tome of the Captivating Mausoleum
 12341 | D:10     | Learned a level 3 spell: Summon Guardian Golem
 12490 | D:10     | Reached skill level 1 in Conjurations
 13064 | D:11     | Noticed Josephine
 13081 | D:11     | Killed Josephine
 13277 | D:11     | Reached XP level 14. HP: 96/96 MP: 26/26
 13556 | D:11     | Found a runed translucent door.
 13593 | D:11     | Found a staircase to the Lair.
 13602 | D:11     | Reached skill level 5 in Fighting
 14114 | D:11     | Found Hirifi Meom's Fire Supplies.
 14121 | D:11     | Bought a +0 pair of boots of fire resistance for 172 gold
                  | pieces
 14449 | D:11     | Found a runed translucent gate.
 14449 | D:11     | Found a runed translucent gate.
 14452 | D:11     | Found a runed translucent gate.
 14453 | D:11     | Noticed Swamplord's ghost (journeyman MfGl)
 14649 | D:11     | Noticed a fire giant
 14743 | Lair:1   | Entered Level 1 of the Lair of Beasts
 14750 | Lair:1   | Reached skill level 12 in Polearms
 15082 | Lair:1   | Found a dark tunnel.
 15090 | Volcano  | Entered a volcano
 16378 | Lair:2   | Found a staircase to the Shoals.
 16466 | Lair:2   | Reached skill level 5 in Conjurations
 16466 | Lair:2   | Reached skill level 5 in Transmutations
 16466 | Lair:2   | Reached XP level 15. HP: 105/105 MP: 28/28
 16723 | Lair:2   | Learned a level 5 spell: Summon Mana Viper
 17320 | Lair:2   | Found a hole to the Spider Nest.
 17747 | Lair:3   | Found a glowing silver altar of Zin.
 18090 | Lair:3   | Reached skill level 13 in Polearms
 19755 | Lair:4   | Identified the +3 leather armour of the Lost Lies {Str+2}
 19946 | Lair:4   | Found a viscous altar of Jiyva.
 19947 | Lair:4   | Found a staircase to the Slime Pits.
 20131 | Lair:5   | Entered Level 5 of the Lair of Beasts
 20137 | Lair:5   | Reached XP level 16. HP: 113/115 MP: 28/29
 20327 | Lair:5   | Noticed Sonja
 20330 | Lair:5   | Reached skill level 14 in Polearms
 20475 | Abyss:2  | Cast into level 2 of the Abyss (Sonja)
 20608 | Abyss:2  | Found a corrupted altar of Lugonu.
 20853 | Abyss:2  | Noticed an Executioner
 20866 | Abyss:2  | Slain by an Executioner

Illustrated notes

Levels and vault maps discovered:
D:1:      dpeg_arrival_concentric_ovals, layout_basic,
          shapermc_ecumenical_altar_petra
D:2:      layout_basic
D:3:      layout_basic, mainiacjoe_overflow_24_doors,
          nicolae_concentric_dashed_squares_wild
D:4:      layout_basic, cheibriados_altar_1, uniq_robin, uniq_pargi,
          uniq_natasha
D:5:      layout_basic, grunt_dithmenos_smoke_and_mirrors, temple_pool_b,
          portal_sewer_entry_e
D:6:      layout_rooms, yredelemnul_altar_generic, minmay_misc_feat_alley,
          uniq_grinder
D:7:      layout_gridville, mainiacjoe_overflow_surrounded_room,
          amcnicky_mini_rare_corridor_liquid
D:8:      layout_cave_pools, mainiacjoe_overflow_small_starburst,
          overflow_temple_1_default, serial_shops, kennysheep_mini,
          enter_ossuary_3, enter_bailey_2, uniq_maggie
D:9:      layout_roguey, mainiacjoe_overflow_paths, uniq_pikel
D:10:     minmay_razor_zed, layout_basic, grunt_temple_overflow_open,
          orc_0_dummy, uniq_fannar
D:11:     layout_loops_corners, erik_lair_orcish_takeover, gammafunk_ghost_ooze,
          gauntlet_entry_generic, nicolae_shop_fire_sale
          [nicolae_sub_dead_trees], grunt_ministairs_6, wad_hexagon,
          uniq_josephine
Temple:   minmay_temple_forest_path
Lair:1:   layout_gridlike, enter_volcano_1, infiniplex_staircase_pool_2
Lair:2:   minmay_lair_oklob_chamber, layout_regular_city,
          minmay_shoals_entry_centaurs, spider_nest_entry_funnel_web,
          hangedman_lair_unloving_vines
Lair:3:   layout_cave_pods, basic_altar
Lair:4:   layout_cave_pods, slime_entry_1
Lair:5:   due_jungle_book, layout_loops_ring, kennysheep_basilisk_garden,
          uniq_rupert, uniq_sonja
Abyss:2:  base: Lair:4, evilmike_abyss_exit_glass

Skill      XL: |  1  2  3  4  5  6  7  8  9 10 11 12 13 14 15 16 |
---------------+-------------------------------------------------+-----
Poison Magic   | 4 5 6 7 8 9 10 11 12 | 12.4
Spellcasting   | 3 4 5 6 7 8 9 |  9.5
Dodging        | 4 5 6 7 9 |  9.5
Summonings     | 3 7 10 11 12 13 | 13.3
Fighting       | 2 3 4 6 7 |  7.4
Air Magic      | 2 3 4 |  4.0
Polearms       | 11 12 13 14 | 14.1
Conjurations   | 3 5 6 |  6.6
Transmutations | 5 7 |  7.4
Stealth        | |  2.1

Action                   |  1- 3 |  4- 6 |  7- 9 | 10-12 | 13-15 | 16-18 || total
-------------------------+-------+-------+-------+-------+-------+-------++-------
Melee: Unarmed           |     1 |     3 |       |       |       |       ||     4
       Staff             |    11 |    19 |    73 |    36 |    66 |    25 ||   230
       Dagger            |     1 |       |       |       |       |       ||     1
       Glaive            |       |       |       |    35 |   220 |       ||   255
       Punch             |       |       |       |     4 |     2 |       ||     6
 Cast: Sting             |    44 |    42 |    46 |    14 |     4 |       ||   150
       Poisonous Vapours |    28 |    10 |     5 |     4 |       |       ||    47
       Olgreb's Toxic Ra |       |     9 |    32 |    40 |    80 |     8 ||   169
       Mephitic Cloud    |       |     6 |     8 |    16 |    42 |     6 ||    78
       Call Imp          |       |       |    13 |     4 |     1 |       ||    18
       Summon Lightning  |       |       |       |     6 |     5 |       ||    11
       Ignite Poison     |       |       |       |     9 |    59 |    10 ||    78
       Summon Guardian G |       |       |       |       |     2 |       ||     2
       Swiftness         |       |       |       |       |     1 |       ||     1
       Summon Mana Viper |       |       |       |       |     1 |       ||     1
Invok: Potion Petition   |       |       |       |     1 |       |       ||     1
Evoke: Wand              |       |       |    17 |       |       |       ||    17
  Use: Potion            |     1 |       |     2 |     2 |     1 |     1 ||     7
       Scroll            |     6 |     8 |     8 |     3 |     9 |     3 ||    37
 Stab: Confused          |       |     1 |       |       |     8 |       ||     9
       Sleeping          |       |     1 |     2 |       |     3 |       ||     6
       Distracted        |       |       |     2 |     1 |     2 |       ||     5
Armor: Robe              |     9 |    27 |    44 |     8 |       |       ||    88
       Steam dragon scal |       |       |       |     9 |    94 |    42 ||   145
Dodge: Dodged            |    19 |    40 |   118 |   117 |   386 |    89 ||   769
